 Dungeon Crawl Stone Soup version 0.30.0-29-ga12c61a403 (webtiles) character file.

Game seed: 6579781954052921547

1080 croobank the Firebug (level 8, -1/55 (58) HPs)
             Began as a Gnoll Fire Elementalist on June 6, 2023.
             Was an Initiate of Sif Muna.
             Slain by a wight
             ... wielding a +0 trident
              (11 damage)
             ... on level 6 of the Dungeon.
             The game lasted 00:15:12 (5829 turns).

croobank the Firebug (Gnoll Fire Elementalist)      Turns: 5829, Time: 00:15:13

HP:   -1/55 (58)    AC:  3    Str:  7    XL:     8   Next: 29%
MP:   0/17          EV: 14    Int: 17    God:    Sif Muna [......]
Gold: 175           SH:  0    Dex: 13    Spells: 9/19 levels left

rFire   . . .        n - +4 hand axe (venom)
rCold   . . .        (no shield)
rNeg    + . .        e - +1 robe
rPois   .            (no helmet)
rElec   .            (no cloak)
rCorr   .            (no gloves)
SInv    .            (no boots)
Will    .....        s - amulet of guardian spirit
Stlth   +++          C - ring of positive energy
HPRegen 0.29/turn    (no ring)
MPRegen 0.15/turn

%: guardian spirit
@: mighty, drained
A: fangs 1, strong nose, distributed training
a: Renounce Religion


You were on level 6 of the Dungeon.
You worshipped Sif Muna.
Sif Muna was noncommittal.
You visited 1 branch of the dungeon, and saw 6 of its levels.

You collected 304 gold pieces.
You spent 129 gold pieces at shops.

Inventory:

Hand Weapons
 a - a +0 dagger
 b - a +0 sling
 l - a +0 short sword
 n - a +4 hand axe of venom (weapon)
 r - a +0 heavy war axe
 y - a +0 trident
 A - a +3 flail of protection
 B - a +2 spear of flaming
Missiles
 f - 4 curare-tipped darts
 E - a throwing net
Armour
 e - a +1 robe (worn)
 q - a +0 buckler
 G - the +2 ring mail "Itebix" {Rampage +Inv Str-2 Int+6}
   (You found it on level 5 of the Dungeon)

   Str:       It affects your strength (-2).
   Int:       It affects your intelligence (+6).
   +Inv:      It lets you turn invisible.
   Rampage:   It bestows one free step when moving towards enemies.
Magical Staves
 p - a staff of cold
 u - a staff of air
Jewellery
 s - an amulet of guardian spirit (around neck)
 C - a ring of positive energy (left hand)
 D - a ring of protection from fire
Wands
 x - a wand of paralysis (1)
 z - a wand of flame (7)
Scrolls
 g - 3 scrolls of teleportation
 h - 2 scrolls of brand weapon
 j - 2 scrolls of blinking
 m - 2 scrolls of fear
 w - a scroll of identify
Potions
 c - 2 potions of curing
 d - a potion of flight
 i - a potion of magic
 k - a potion of haste {unknown}
 o - a potion of degeneration {unknown}
 v - 2 potions of lignification {unknown}
 F - 2 potions of resistance {unknown}


   Skills:
 + Level 3.2 Fighting
 + Level 3.2 Short Blades
 + Level 3.2 Long Blades
 + Level 3.2 Axes
 + Level 3.2 Maces & Flails
 + Level 3.2 Polearms
 + Level 3.2 Staves
 + Level 3.2 Ranged Weapons
 + Level 3.2 Throwing
 + Level 3.2 Armour
 + Level 5.7 Dodging
 + Level 5.3 Stealth
 + Level 3.2 Shields
 + Level 3.2 Unarmed Combat
 + Level 6.0 Spellcasting
 + Level 3.4 Conjurations
 + Level 2.6 Hexes
 + Level 2.6 Summonings
 + Level 2.6 Necromancy
 + Level 2.6 Translocations
 + Level 2.6 Transmutations
 + Level 6.1 Fire Magic
 + Level 2.6 Ice Magic
 + Level 2.6 Air Magic
 + Level 2.6 Earth Magic
 + Level 2.6 Poison Magic
 + Level 3.6 Invocations
 + Level 3.2 Evocations


You had 9 spell levels left.
You knew the following spells:

 Your Spells              Type           Power      Damage    Failure   Level
a - Foxfire               Conj/Fire      84%        2x1d8     1%          1
b - Scorch                Fire           52%        2d7       1%          2
c - Inner Flame           Hex/Fire       20%        N/A       6%          3
d - Flame Wave            Conj/Fire      21%        2d8       19%         4

Your spell library contained the following spells:

 Spells                   Type           Power      Damage    Failure   Level
 Volatile Blastmotes      Fire/Tloc      40%        2d13      6%          3
 Dazzling Flash           Conj/Hex       30%        N/A       11%         3
 Ozocubu's Armour         Ice            14%        N/A       13%         3
 Iskenderun's Mystic Bla  Conj/Tloc      15%        2d5       34%         4
 Starburst                Conj/Fire      10%        6d5       95%         6
 Ozocubu's Refrigeration  Ice            7%         4d9       100%        7


Dungeon Overview and Level Annotations

Branches:
Dungeon (6/15)
 Temple: D:4-7

Altars:
Ashenzari
Cheibriados
Fedhas
Kikubaaqudgha
Makhleb
Sif Muna
Wu Jian

Shops:
D:4 *


Innate Abilities, Weirdness & Mutations

You have very sharp teeth.
Your uncanny sense of smell can sniff out nearby items.
Your experience applies equally to all skills.


Message History

You closely miss the wight. Your bite misses the wight.
The wight is moderately damaged.
The wight hits you with a +0 trident.
Casting: Foxfire (safe; 1% risk of failure)
Confirm with . or Enter, or press ? or * to list all spells.
You don't have enough magic to cast this spell.
Casting: Foxfire (safe; 1% risk of failure)
Confirm with . or Enter, or press ? or * to list all spells.
You don't have enough magic to cast this spell.
Casting: Foxfire (safe; 1% risk of failure)
Confirm with . or Enter, or press ? or * to list all spells.
You conjure some foxfire!
The wight hits you with a +0 trident! You partially resist.
You feel drained.
You hit the wight.
The wight is moderately damaged.
The foxfire hits the wight but does no damage.
The wight is moderately damaged.
The foxfire hits the wight.
The wight is heavily damaged.
The wight hits you with a +0 trident.
* * * LOW HITPOINT WARNING * * *
Casting: Foxfire (safe; 1% risk of failure)
Confirm with . or Enter, or press ? or * to list all spells.
You don't have enough magic to cast this spell.
You feel very mighty all of a sudden. The wight misses you.
You hit the wight. You bite the wight.
The wight is severely damaged.
The wight completely misses you.
Casting: Foxfire (safe; 1% risk of failure)
Confirm with . or Enter, or press ? or * to list all spells.
You don't know that spell.
You hit the wight but do no damage. Your bite misses the wight.
The wight is severely damaged.
The wight hits you with a +0 trident!
* * * LOW HITPOINT WARNING * * *
You barely miss the wight.
The wight is severely damaged.
The wight hits you with a +0 trident!
You die...

... #..### .... ∆.o
....# ..... o## ....##
..... .o..####...#
......
#........#.####......
#........(..#......
#.###.)z..#<>......
####..)....@.÷÷.......
#.....).......[.......
#.##..##..............
#)##...............
#...........#.......
#..#####............
#. ##...##...... #
#.#.# #..... #.#.#
#....


You could see a wight.

Vanquished Creatures
  Edmund (D:5)
  2 black bears
  A centaur (D:4)
  2 bullfrogs (D:6)
  A scorpion (D:4)
  2 wights (D:6)
  2 gnoll boudas (D:5)
  Ijyb (D:5)
  A sleepcap (D:5)
  6 adders
  16 gnolls
  2 white imps
  3 dart slugs
  A worm (D:5)
  9 orcs
  7 bats
  A bat zombie (D:4)
  2 endoplasms (D:4)
  4 giant cockroaches
  10 goblins
  8 hobgoblins
  2 jackals (D:1)
  4 kobolds
  A quokka (D:1)
  5 ball pythons
  5 frilled lizards
  8 rats
  A rat zombie (D:4)
108 creatures vanquished.

Vanquished Creatures (collateral kills)
  A foxfire (D:6)
1 creature vanquished.

Vanquished Creatures (others)
  261 foxfires
261 creatures vanquished.

Grand Total: 370 creatures vanquished

Notes
Turn   | Place    | Note
-------+----------+-------------------------------------------
     0 | D:1      | croobank the Gnoll Fire Elementalist began the quest for
                  | the Orb.
     0 | D:1      | Reached XP level 1. HP: 13/13 MP: 6/6
   124 | D:1      | Reached XP level 2. HP: 19/19 MP: 4/7
   160 | D:1      | Learned a level 2 spell: Scorch
   419 | D:1      | Reached skill level 5 in Spellcasting
   419 | D:1      | Reached XP level 3. HP: 25/25 MP: 5/9
   488 | D:1      | Reached skill level 1 in Invocations
  1051 | D:2      | Reached skill level 1 in Fighting
  1051 | D:2      | Reached skill level 1 in Short Blades
  1051 | D:2      | Reached skill level 1 in Long Blades
  1051 | D:2      | Reached skill level 1 in Axes
  1051 | D:2      | Reached skill level 1 in Maces & Flails
  1051 | D:2      | Reached skill level 1 in Polearms
  1051 | D:2      | Reached skill level 1 in Staves
  1051 | D:2      | Reached skill level 1 in Ranged Weapons
  1051 | D:2      | Reached skill level 1 in Throwing
  1051 | D:2      | Reached skill level 1 in Armour
  1051 | D:2      | Reached skill level 1 in Shields
  1051 | D:2      | Reached skill level 1 in Unarmed Combat
  1051 | D:2      | Reached skill level 1 in Evocations
  1057 | D:2      | Reached XP level 4. HP: 18/32 MP: 4/11
  1156 | D:2      | Found a faded altar of an unknown god.
  1398 | D:2      | Reached skill level 1 in Hexes
  1398 | D:2      | Reached skill level 1 in Summonings
  1398 | D:2      | Reached skill level 1 in Necromancy
  1398 | D:2      | Reached skill level 1 in Translocations
  1398 | D:2      | Reached skill level 1 in Transmutations
  1398 | D:2      | Reached skill level 1 in Ice Magic
  1398 | D:2      | Reached skill level 1 in Air Magic
  1398 | D:2      | Reached skill level 1 in Earth Magic
  1398 | D:2      | Reached skill level 1 in Poison Magic
  2315 | D:4      | Noticed a black bear
  2320 | D:4      | Noticed a scorpion
  2431 | D:4      | Learned a level 3 spell: Inner Flame
  2436 | D:4      | Learned a level 4 spell: Flame Wave
  2592 | D:4      | HP: 1/32 [black bear (2)]
  2593 | D:4      | Killed a black bear
  2594 | D:4      | Reached XP level 5. HP: 2/37 MP: 1/12
  2834 | D:4      | Found Geunk's Assorted Antiques.
  2842 | D:4      | Bought a potion of curing for 81 gold pieces
  2842 | D:4      | Bought a sedimented purple potion for 24 gold pieces
  2842 | D:4      | Bought a metallic ruby potion for 24 gold pieces
  2921 | D:4      | Found a snail-covered altar of Cheibriados.
  2921 | D:4      | Noticed a torpor snail
  2921 | D:4      | Noticed a torpor snail
  2923 | D:4      | Noticed a torpor snail
  3223 | D:4      | Reached skill level 5 in Dodging
  3223 | D:4      | Reached XP level 6. HP: 44/44 MP: 9/14
  3382 | D:4      | Found an ancient bone altar of Kikubaaqudgha.
  3436 | D:4      | HP: 2/44 [centaur (4)]
  3680 | D:5      | Entered Level 5 of the Dungeon
  3761 | D:5      | Noticed Ijyb
  3776 | D:5      | Killed Ijyb
  3988 | D:5      | Noticed a black bear
  3995 | D:5      | Killed a black bear
  3996 | D:5      | Reached XP level 7. HP: 51/51 MP: 10/15
  4032 | D:5      | Noticed Edmund
  4049 | D:5      | Killed Edmund
  4152 | D:5      | Found an ornate altar of the Wu Jian Council.
  4178 | D:5      | Reached skill level 5 in Stealth
  4533 | D:5      | Found a shimmering blue altar of Sif Muna.
  4538 | D:5      | Became a worshipper of Sif Muna the Loreminder
  5334 | D:5      | Identified the +2 ring mail "Itebix" {Rampage +Inv Str-2
                  | Int+6}
  5498 | D:5      | Found a blossoming altar of Fedhas.
  5498 | D:5      | Found a burning altar of Makhleb.
  5542 | D:5      | Found a broken altar of Ashenzari.
  5580 | D:6      | Reached XP level 8. HP: 58/58 MP: 12/16
  5829 | D:6      | Slain by a wight

Illustrated notes

Levels and vault maps discovered:
D:1:      doesnt_arrival_eight_statues, layout_basic
D:2:      layout_rooms, nicolae_ecumenical_oubliette
D:3:      layout_basic, serial_curves, eino_curves_04, eino_curves_01
D:4:      layout_rooms, cheibriados_altar_2, lemuel_zombie_altar_kikubaaqudgha,
          serial_shops, nicolae_shop_overgrown_old_shop
D:5:      layout_cave_pods, old_standard_altar, nicolae_sif_muna_little_library,
          kennysheep_mini_moat, gammafunk_temple_overflow_elements, uniq_ijyb,
          uniq_edmund
D:6:      layout_rooms, serial_shops, shop

Skill      XL: |  1  2  3  4  5  6  7  8 |
---------------+-------------------------+-----
Conjurations   | 2 3 |  3.4
Spellcasting   | 5 6 |  6.0
Invocations    | 1 2 3 |  3.6
Fighting       | 1 2 3 |  3.2
Short Blades   | 1 2 3 |  3.2
Long Blades    | 1 2 3 |  3.2
Axes           | 1 2 3 |  3.2
Maces & Flails | 1 2 3 |  3.2
Polearms       | 1 2 3 |  3.2
Staves         | 1 2 3 |  3.2
Ranged Weapons | 1 2 3 |  3.2
Throwing       | 1 2 3 |  3.2
Armour         | 1 2 3 |  3.2
Shields        | 1 2 3 |  3.2
Unarmed Combat | 1 2 3 |  3.2
Evocations     | 1 2 3 |  3.2
Hexes          | 1 2 |  2.6
Summonings     | 1 2 |  2.6
Necromancy     | 1 2 |  2.6
Translocations | 1 2 |  2.6
Transmutations | 1 2 |  2.6
Ice Magic      | 1 2 |  2.6
Air Magic      | 1 2 |  2.6
Earth Magic    | 1 2 |  2.6
Poison Magic   | 1 2 |  2.6
Dodging        | 5 |  5.7
Stealth        | 5 |  5.3
Fire Magic     | 6 |  6.1

Action                     |  1- 3 |  4- 6 |  7- 9 || total
---------------------------+-------+-------+-------++-------
  Melee: Dagger            |     1 |       |       ||     1
         Hand axe          |    21 |    35 |    40 ||    96
         Bite              |       |     3 |     6 ||     9
         Punch             |       |     1 |       ||     1
   Cast: Foxfire           |    41 |    60 |    56 ||   157
         Scorch            |     3 |    26 |    20 ||    49
  Evoke: Wand              |       |       |     1 ||     1
    Use: Scroll            |       |    11 |       ||    11
         Potion            |       |     2 |     1 ||     3
   Stab: Sleeping          |     2 |     1 |       ||     3
         Distracted        |       |     1 |       ||     1
         Paralysed         |       |       |     5 ||     5
 Armour: Robe              |     3 |    16 |     1 ||    20
  Dodge: Dodged            |    22 |    43 |    49 ||   114
